 Dungeon Crawl Stone Soup version 0.20.0-15-g7f486f2 (webtiles) character file.

98 ANON1729 the Conjurer (level 4, -1/36 HPs)
             Began as a Tengu Conjurer on June 23, 2017.
             Slain by an adder (2 damage)
             ... on level 3 of the Dungeon.
             The game lasted 00:08:24 (2375 turns).

ANON1729 the Conjurer (Tengu Conjurer)              Turns: 2375, Time: 00:08:24

Health: -1/36      AC:  2    Str: 13    XL:     4   Next: 69%
Magic:  0/8        EV: 12    Int: 17    God:
Gold:   112        SH:  0    Dex: 14    Spells: 5/8 levels left

rFire    . . .     SeeInvis .   (no weapon)
rCold    . . .     Gourm    .   (no shield)
rNeg     . . .     Faith    .   a - +0 robe
rPois    .         Spirit   .   (helmet restricted)
rElec    .         Reflect  .   (no cloak)
rCorr    .         Harm     .   (no gloves)
MR       .....                  (boots unavailable)
Stlth    ..........             (no amulet)
Regen    0.2/turn               r - ring of stealth
MPRegen  0.2/turn               (no ring)

@: berserking, lethally poisoned (-1 -> -9), very quick
A: beak, talons 3
a: no special abilities


You were on level 3 of the Dungeon.
You were not hungry.

You visited 1 branch of the dungeon, and saw 3 of its levels.

You collected 112 gold pieces.

Inventory:

Armour
 a - a +0 robe (worn)
Jewellery
 r - a ring of stealth (left hand)
Scrolls
 d - 2 scrolls of remove curse {unknown}
 e - a scroll of enchant weapon {unknown}
 j - a scroll of amnesia {unknown}
 k - a scroll of teleportation {unknown}
 l - a scroll of fear {unknown}
 o - 4 scrolls of identify {unknown}
 t - a scroll of immolation {unknown}
Potions
 h - 2 potions of berserk rage
 i - a potion of ambrosia {unknown}
 n - a potion of resistance {unknown}
 p - a potion of cancellation {unknown}
 q - a potion of curing {unknown}
 s - a potion of brilliance {unknown}
Books
 b - a book of Conjurations

   Spells                             Type                      Level
   a - Magic Dart                     Conjuration                  1
   b - Searing Ray                    Conjuration                  2
   c - Dazzling Spray                 Conjuration/Hexes            3
   d - Fulminant Prism                Conjuration/Hexes            4
   e - Force Lance                    Conjuration/Translocation    4
   f - Iskenderun's Mystic Blast      Conjuration                  4
Comestibles
 c - 2 bread rations
 f - a meat ration
 g - a royal jelly
 m - 2 chunks of flesh


   Skills:
 - Level 2.1 Dodging
 - Level 2.0 Stealth
 + Level 2.6 Spellcasting
 + Level 7.4 Conjurations


You had 5 spell levels left.
You knew the following spells:

 Your Spells              Type           Power        Failure   Level  Hunger
a - Magic Dart            Conj           ####         1%          1    #......
b - Searing Ray           Conj           ####..       1%          2    ##.....


Dungeon Overview and Level Annotations

Branches:
Dungeon (3/15)

Altars:


Innate Abilities, Weirdness & Mutations

You have a beak for a mouth.
You have claws for feet.


Message History

You barely miss the adder. Your peck misses the adder.
The adder is almost dead.
The adder barely misses you.
You miss the adder. Your peck misses the adder.
The adder is almost dead.
You feel sick. The adder bites you but does no damage.
You hit the adder but do no damage. Your kick misses the adder.
Your peck misses the adder.
The adder is almost dead.
The adder bites you.
* * * LOW HITPOINT WARNING * * *
You are more poisoned.
The adder poisons you! The adder bites you.
* * * LOW HITPOINT WARNING * * *
It was a potion of berserk rage.
A red film seems to cover your vision as you go berserk!
You feel yourself moving faster!
You feel mighty!
* * * LOW HITPOINT WARNING * * *
You feel sick. The adder bites you.
You die...

........# #.# .. ...
....####.#
####.######.# #.......#
...........#####.......
#.....................
#.........####........
#.........####........
##.........##..........
+.....@................
##.###S######.....#####
.##..##g# #.....#
.......g# #.....#
#######.# #.....#
#.....#.# ####.##
#.#.#.#)# # #.######
..#:#.... . #.......
#.#.#.#.# #. #.###.#.


You could see an adder and 2 goblins.

Vanquished Creatures
  4 adders
  An ooze (D:1)
  3 worms
  A dart slug (D:1)
  An orc (D:3)
  6 goblins
  7 hobgoblins
  5 jackals
  7 kobolds
  A ball python (D:1)
  3 bats
  6 frilled lizards
  4 rats
49 creatures vanquished.

Notes
Turn   | Place    | Note
-------+----------+-------------------------------------------
     0 | D:1      | ANON1729 the Tengu Conjurer began the quest for the Orb.
     0 | D:1      | Reached XP level 1. HP: 10/10 MP: 4/4
   363 | D:1      | Reached XP level 2. HP: 8/15 MP: 0/6
   423 | D:1      | Learned a level 2 spell: Searing Ray
   517 | D:1      | Reached skill level 6 in Conjurations
   774 | D:1      | Reached XP level 3. HP: 19/19 MP: 4/7
  1856 | D:2      | Reached XP level 4. HP: 24/24 MP: 4/8
  1987 | D:2      | Reached skill level 7 in Conjurations
  2374 | D:3      | HP: 1/24 [adder (2)]
  2375 | D:3      | Slain by an adder

Skill      XL: |  1  2  3  4 |
---------------+-------------+-----
Conjurations   | 6 7 |  7.4
Dodging        | |  2.1
Stealth        | |  2.0
Spellcasting   | |  2.6

Action                   |  1- 3 |  4- 6 || total
-------------------------+-------+-------++-------
Melee: Unarmed           |    11 |    13 ||    24
       Kick              |     3 |     1 ||     4
       Peck              |       |     1 ||     1
 Cast: Magic Dart        |    63 |    27 ||    90
       Searing Ray       |     2 |     1 ||     3
  Use: Potion            |       |     1 ||     1
  Eat: Chunk             |     4 |     2 ||     6
Armor: Robe              |     1 |     3 ||     4
Dodge: Dodged            |    18 |    10 ||    28
